 Dungeon Crawl Stone Soup version 0.23-a0-539-g3f6f39f (console) character file.

357340 Duffy the Tortoise (level 21, -19/210 HPs)
             Began as a Deep Dwarf Fighter on Dec 7, 2018.
             Was the Champion of Makhleb.
             Killed from afar by an ancient lich (52 damage)
             ... with an iron shot
             ... on level 5 of the Vaults.
             The game lasted 00:54:36 (32061 turns).

Duffy the Tortoise (Deep Dwarf Fighter)            Turns: 32061, Time: 00:54:36

Health: -19/210    AC: 39    Str: 28    XL:     21   Next: 72%
Magic:  21/21      EV: 12    Int: 14    God:    Makhleb [******]
Gold:   4208       SH: 23    Dex: 17    Spells: 20/20 levels left

rFire    + . .     SeeInvis .   b - +10 broad axe {vamp, *Slow rElec rC++ Int+3}
rCold    + + +     Gourm    .   i - +0 large shield
rNeg     + + .     Faith    +   V - +6 crystal plate armour
rPois    +         Spirit   .   s - +1 helmet
rElec    +         Reflect  .   c - scarf {rC+ rF+}
rCorr    .         Harm     .   (no gloves)
MR       +++++                  u - +2 pair of boots {run}
Stlth    ..........             R - amulet "Geocir" {Faith MR+}
HPRegen  0.00/turn              p - ring of Fueq {rC++ rN+ MR+ Str-2 Dex+3}
MPRegen  0.17/turn              T - ring of Roekigru {rPois MR+ AC+1}

@: non-regenerating, slowed, drained, very slow
A: damage resistance, heal wounds, hooves 1, agile 1, negative energy resistance
1, sense surroundings 3, strong 1, no regeneration
}: 1/15 runes: gossamer
a: Heal Wounds, Minor Destruction, Lesser Servant of Makhleb, Major Destruction,
Greater Servant of Makhleb, Renounce Religion


You were on level 5 of the Vaults.
You worshipped Makhleb.
Makhleb was exalted by your worship.
You were not hungry.

You visited 8 branches of the dungeon, and saw 37 of its levels.
You also visited: Ossuary, Bailey, Gauntlet, Ice Cave, Wizlab and Desolation.

You collected 5375 gold pieces.
You spent 1167 gold pieces at shops.

Inventory:

Hand Weapons
 b - the +10 broad axe of the Scorpion (weapon) {vamp, *Slow rElec rC++ Int+3}
   (You acquired it on level 1 of the Lair of Beasts)

   It inflicts no extra harm, but heals its wielder when it wounds a living foe.
   It affects your intelligence (+3).
   It greatly protects you from cold.
   It insulates you from electricity.
   It may slow you when you take damage.
Missiles
 n - 8 throwing nets (quivered)
Armour
 c - a scarf of resistance (worn)
 i - a +0 large shield (worn)
 s - a +1 helmet (worn)
 u - a +2 pair of boots of running (worn)
 N - a +1 cloak of magic resistance
 V - a +6 crystal plate armour (worn)
Jewellery
 p - the ring of Fueq (left hand) {rC++ rN+ MR+ Str-2 Dex+3}
   (You found it on level 1 of the Lair of Beasts)

   [ring of protection from magic]

   It affects your strength (-2).
   It affects your dexterity (+3).
   It greatly protects you from cold.
   It protects you from negative energy.
   It affects your resistance to hostile enchantments.
 R - the amulet "Geocir" (around neck) {Faith MR+}
   (You found it in a Gauntlet)

   [amulet of faith]

   It allows you to gain divine favour quickly.
   It affects your resistance to hostile enchantments.
 T - the ring of Roekigru (right hand) {rPois MR+ AC+1}
   (You found it in an ice cave)

   [ring of protection]

   It affects your AC (+1).
   It protects you from poison.
   It affects your resistance to hostile enchantments.
 U - an uncursed ring of protection from fire
Wands
 g - a wand of paralysis (20)
 r - a wand of clouds (14)
 t - a wand of enslavement (16)
 C - a wand of digging (16)
 S - a wand of disintegration (17)
 W - a wand of acid (10)
 X - a wand of iceblast (19)
Scrolls
 j - 4 scrolls of fear
 k - 16 scrolls of remove curse
 o - 13 scrolls of teleportation
 A - 3 scrolls of summoning
 B - 6 scrolls of vulnerability
 E - 6 scrolls of fog
 H - 9 scrolls of identify
 P - 6 scrolls of blinking
 Y - a scroll of magic mapping
Potions
 a - 14 potions of curing
 d - 5 potions of might
 e - 5 potions of ambrosia
 h - 4 potions of heal wounds
 q - a potion of resistance
 v - a potion of agility
 w - a potion of berserk rage
 z - 6 potions of mutation
 D - 4 potions of haste
 G - 2 potions of magic
 I - 7 potions of brilliance
 J - 2 potions of flight
 M - 4 potions of cancellation
 Q - 2 potions of invisibility
Miscellaneous
 m - a phial of floods
 y - a phantom mirror
 F - 2 boxes of beasts
 K - a lamp of fire
 L - a phial of floods
 O - a lightning rod (4/4)
 Z - a phial of floods
Comestibles
 f - 56 rations


   Skills:
 + Level 17.4(17.1) Fighting
 - Level 18.0(17.6) Axes
 + Level 18.3(18.0) Armour
 + Level 11.9(11.7) Dodging
 + Level 18.2(17.9) Shields
 - Level 15.0(14.7) Invocations
 - Level 15.0(14.7) Evocations


You had 20 spell levels left.
You didn't know any spells.
Your spell library contained the following spells:

 Spells                   Type           Power        Failure   Level  Hunger
 Animate Skeleton         Necr           N/A          100%        1    ##.....
 Apportation              Tloc           #.....       100%        1    ##.....
 Confusing Touch          Hex            #.....       100%        1    ##.....
 Corona                   Hex            #......      100%        1    ##.....
 Freeze                   Ice            #...         100%        1    ##.....
 Magic Dart               Conj           #...         100%        1    ##.....
 Sting                    Conj/Pois      #...         100%        1    ##.....
 Summon Butterflies       Summ           #.......     100%        1    ##.....
 Summon Small Mammal      Summ           #...         100%        1    ##.....
 Blink                    Tloc           N/A          100%        2    ###....
 Call Imp                 Summ           #.......     100%        2    ###....
 Poisonous Vapours        Pois/Air       #.....       100%        2    ###....
 Slow                     Hex            #.......     100%        2    ###....
 Swiftness                Chrm/Air       #.......     100%        2    ###....
 Throw Frost              Conj/Ice       #.....       100%        2    ###....
 Call Canine Familiar     Summ           #.......     100%        3    ####...
 Confuse                  Hex            #.......     100%        3    ####...
 Conjure Flame            Conj/Fire      #.......     100%        3    ####...
 Dazzling Spray           Conj/Hex       #.....       100%        3    ####...
 Gell's Gravitas          Tloc           #.........   100%        3    ####...
 Inner Flame              Hex/Fire       #.......     100%        3    ####...
 Lesser Beckoning         Tloc           #.........   100%        3    ####...
 Mephitic Cloud           Conj/Pois/Air  #.......     100%        3    ####...
 Ozocubu's Armour         Chrm/Ice       #.......     100%        3    ####...
 Portal Projectile        Hex/Tloc       #.....       100%        3    ####...
 Spectral Weapon          Hex/Chrm       #.......     100%        3    ####...
 Static Discharge         Conj/Air       #.......     100%        3    ####...
 Summon Guardian Golem    Hex/Summ       #.......     100%        3    ####...
 Tukima's Dance           Hex            #.......     100%        3    ####...
 Vampiric Draining        Necr           #.........   100%        3    ####...
 Cause Fear               Hex            #.........   100%        4    #####..
 Ice Form                 Ice/Tmut       #.......     100%        4    #####..
 Leda's Liquefaction      Hex/Erth       #.........   100%        4    #####..
 Petrify                  Tmut/Erth      #.......     100%        4    #####..
 Summon Ice Beast         Ice/Summ       #.......     100%        4    #####..
 Summon Lightning Spire   Summ/Air       #.......     100%        4    #####..
 Throw Icicle             Conj/Ice       #.......     100%        4    #####..
 Alistair's Intoxication  Tmut/Pois      #.......     100%        5    ######.
 Bolt of Magma            Conj/Fire/Erth #.........   100%        5    ######.
 Borgnjor's Vile Clutch   Necr/Erth      #.........   100%        5    ######.
 Excruciating Wounds      Chrm/Necr      #.........   100%        5    ######.
 Lightning Bolt           Conj/Air       #.........   100%        5    ######.
 Metabolic Englaciation   Hex/Ice        #.........   100%        5    ######.
 Silence                  Hex/Air        #.........   100%        5    ######.
 Venom Bolt               Conj/Pois      #.........   100%        5    ######.
 Yara's Violent Unravell  Hex/Tmut       #.........   100%        5    ######.
 Bolt of Cold             Conj/Ice       #.........   100%        6    #######
 Conjure Ball Lightning   Conj/Air       #.........   100%        6    #######
 Darkness                 Hex            #.........   100%        6    #######
 Deflect Missiles         Chrm/Air       #.........   100%        6    #######
 Freezing Cloud           Conj/Ice/Air   #.........   100%        6    #######
 Invisibility             Hex            #.......     100%        6    #######
 Iron Shot                Conj/Erth      #.........   100%        6    #######
 Statue Form              Tmut/Erth      #........    100%        6    #######
 Discord                  Hex            #.........   100%        8    #######
 Shatter                  Erth           #.........   100%        9    #######
 Tornado                  Air            #.........   100%        9    #######
 Regeneration             Chrm/Necr      Unusable     N/A         3    N/A

Dungeon Overview and Level Annotations

Branches:
Dungeon (15/15)            Temple (1/1) D:6            Lair (6/6) D:8
  Swamp (0/4) Lair:4       Spider (4/4) Lair:2        Slime (0/5) Lair:5
    Orc (2/2) D:10            Elf (3/3) Orc:2        Vaults (5/5) D:13
  Crypt (0/3) Vaults:3     Depths (1/5) D:15

Altars:
Ashenzari
Cheibriados
Dithmenos
Elyvilon
Fedhas
Gozag
Hepliaklqana
Kikubaaqudgha
Makhleb
Nemelex Xobeh
Okawaru
Qazlal
Ru
Sif Muna
Trog
Uskayaw
Vehumet
Wu Jian
Xom
Yredelemnul
Zin
The Shining One
Beogh
Jiyva

Shops:
D:8 }   D:10 :   D:11 =   D:13 :   Orc:2 [:((   Elf:1 ?

Annotations:
Lair:1 3 runed doors, Jujoamir's ghost, novice MiFi
Lair:2 exclusion: 2 oklob plants
Lair:4 exclusion: 4 oklob plants
Elf:2 exclusion: 3 doors


Innate Abilities, Weirdness & Mutations

You are resistant to damage.
You can heal yourself by infusing magical energy.
You resist negative energy. (rN+)
You passively map a large area around you.
You do not regenerate.
You have large cloven feet.
You are agile. (Dex +2)
Your muscles are strong. (Str +2)


Message History

The tormentor hits you but does no damage. x2
The ancient lich touches you! You partially resist.
You feel drained.
The Hell Sentinel hits you but does no damage. x2
The tormentor calls on the powers of darkness!
Your body is wracked with pain!
Your crystal plate armour prevents you from hitting the ancient lich.
The ancient lich is heavily damaged.
You hit the Hell Sentinel but do no damage.
You closely miss the tormentor.
The ancient lich gestures at you while chanting.
The bolt of fire hits you! You resist. The tormentor closely misses you. x2
You block the Hell Sentinel's attack.
The Hell Sentinel hits you but does no damage.
You closely miss the ancient lich.
The ancient lich is moderately damaged.
You are struck by the Hell Sentinel's spines.
You completely miss the Hell Sentinel. You closely miss the tormentor.
The ancient lich gestures at you while chanting.
The iron shot hits you!
You die...

#. , , , , , , #...
, #### , ,, #... ,,
, ,##$.##*, ,
#...#,,,, ##%...# *
* #...### ,
,,##}[... ,, , ,
#.....### ##[[... ,
, *
#.......####$....#
,, ,,
#.........##....2##*
,
#..........##!..L@##
,
#...........#).(1).#
,,,, ,
#....?......##.(..##
,,, ,
#............#...##
, #........O...(...#
* .................#
, ,, ,
..################ *
* .........,, , ,,
........., ,,, , ,,
, , *


You could see a Hell Sentinel, an ancient lich and a tormentor.

Vanquished Creatures
  Saint Roka (Vaults:1)
  The ghost of Geloitur the Imperceptible, a veteran SpEE of Dithmenos (Vaults:1)
  Arachne (Spider:4)
  A lich (Vaults:5)
  2 titans (Vaults:5)
  2 deep elf blademasters (Elf:3)
  2 deep elf master archers (Elf:3)
  A quicksilver dragon (Vaults:5)
  A shadow dragon (Vaults:5)
  A storm dragon (Vaults:5)
  4 tengu reavers
  8 vault wardens
  3 fire giants
  5 deep elf sorcerers
  An orc warlord (Orc:2)
  6 emperor scorpions
  A cacodemon (Gauntlet)
  3 imperial myrmidons (Desolation)
  3 ghost moths
  3 ironheart preservers
  Louise (Spider:2)
  A large abomination (Elf:1)
  3 deep elf elementalists
  6 very ugly things (Vaults:1)
  7 stone giants
  A war gargoyle (Vaults:2)
  3 entropy weavers
  8 deep elf demonologists
  Nessos (D:12)
  7 deep elf annihilators
  A minotaur (Gauntlet)
  4 spark wasps (Spider:4)
  2 halazid warlocks (Desolation)
  4 ettins
  A crystal guardian (Desolation)
  3 great orbs of eyes
  3 deep elf high priests
  7 deep elf death magi
  The ghost of Jaybu the Carver, a journeyman MiFi of Okawaru (D:12)
  2 fire dragons
  6 servants of whispers
  8 hydras
  A rakshasa (Vaults:3)
  8 yaktaur captains
  2 ice dragons (IceCv)
  9 ragged hierophants
  11 peacekeepers
  41 vault guards
  A catoblepas (D:14)
  10 ogre magi
  A small abomination (Elf:1)
  6 centaur warriors
  17 dancing weapons
  A queen ant (Lair:2)
  40 two-headed ogres
  8 death scarabs (Spider:4)
  4 death yaks (Lair:5)
  A deep troll earth mage (Vaults:3)
  Nergalle (D:11)
  11 orc high priests
  A fire crab (shapeshifter) (Vaults:5)
  26 deep elf knights
  2 shadow wraiths
  6 deep trolls
  An unseen horror (D:7)
  3 skeletal warriors (Vaults:2)
  4 wizards
  A spectral wolf spider (Spider:4)
  4 harpies (Vaults:2)
  2 lindwurms (Lair:6)
  27 wolf spiders
  A necromancer (Vaults:5)
  4 orc sorcerers
  10 orc knights
  59 deep elf magi
  14 deep elf archers
  16 ugly things
  19 ironbrand convokers
  A manticore (D:15)
  3 moths of wrath
  2 cyclopes
  7 orb spiders
  9 vault sentinels
  8 elephants (Lair:4)
  5 black mambas
  3 naga magi (D:15)
  A guardian serpent (shapeshifter) (D:13)
  A fire giant skeleton (Vaults:5)
  A black mamba (shapeshifter) (Elf:2)
  2 guardian serpents (Desolation)
  3 ice statues
  3 molten gargoyles (Lair:6)
  9 spiny frogs
  27 yaktaurs
  14 komodo dragons
  4 freezing wraiths
  2 kobold demonologists
  12 demonic crawlers
  6 rime drakes
  A redback zombie (Spider:4)
  2 komodo dragons (shapeshifter)
  3 spectral redbacks (Spider:4)
  14 trolls
  A troll (shapeshifter) (Elf:1)
  2 polar bears
  A tengu simulacrum (Vaults:5)
  3 hornets
  3 spectral tarantellas (Spider:4)
  42 jumping spiders
  A harpy skeleton (D:15)
  57 saltlings
  4 spectral jumping spiders (Spider:4)
  15 blink frogs
  A fire giant simulacrum (Vaults:5)
  8 slime creatures
  A meliai zombie (D:15)
  2 jumping spider zombies (Spider:4)
  13 hippogriffs
  Grinder (D:6)
  A hippogriff (shapeshifter) (D:15)
  A tarantella zombie (Spider:4)
  8 dream sheep
  76 redbacks
  6 wraiths (D:12)
  A shadow (D:12)
  A tarantella (shapeshifter) (Vaults:1)
  2 air elementals (Elf:3)
  32 tarantellas
  4 water elementals
  66 yaks
  6 wyverns
  3 fire elementals
  Eustachio (D:6)
  3 fire bats (Lair:6)
  5 basilisks
  A hungry ghost (D:13)
  3 neqoxecs (Gauntlet)
  3 steam dragons
  2 vampire mosquitoes (Lair:4)
  A yaktaur simulacrum (Vaults:3)
  14 wargs
  2 acid dragons
  A floating eye (shapeshifter) (Vaults:5)
  21 soldier ants
  13 water moccasins
  3 hell hounds (Lair:6)
  2 spectral hornets (Spider:4)
  Duvessa (D:6)
  A meliai simulacrum (D:15)
  9 porcupines
  41 orc warriors
  24 ice beasts
  A black bear (D:6)
  An ettin simulacrum (Vaults:5)
  2 eyes of draining
  A necrophage (D:9)
  25 ogres
  5 phantoms
  A hornet zombie (D:13)
  3 sky beasts
  13 wolves
  20 centaurs
  4 big kobolds
  11 crocodiles
  Blork the orc (D:6)
  9 gnoll sergeants
  7 earth elementals
  12 bullfrogs
  4 wyvern zombies
  A water moccasin zombie (D:11)
  2 scorpions
  Dowan (D:6)
  A howler monkey (D:14)
  5 wights (D:14)
  An electric eel (Spider:3)
  4 lava snakes (Lair:6)
  10 crimson imps
  4 centaur zombies
  A quasit (D:10)
  36 orc priests
  14 hounds
  7 gnoll shamans
  4 jellies
  3 bullfrog skeletons
  8 centaur skeletons
  7 iguanas
  28 orc wizards
  22 worker ants
  A big kobold zombie (Ossuary)
  4 human simulacra
  2 mummies (Ossuary)
  2 worker ant zombies
  32 gnolls
  6 adders
  A howler monkey skeleton (D:4)
  4 shadow imps
  3 white imps (Gauntlet)
  An ooze (D:6)
  4 adder zombies
  6 worms
  A dart slug (D:1)
  5 leopard geckos
  158 orcs
  2 ball pythons
  6 bats
  6 giant cockroaches
  7 goblins
  10 hobgoblins
  6 jackals
  4 quokkas
  10 frilled lizards
  2 goblin zombies (Ossuary)
  7 hobgoblin zombies (Ossuary)
  3 jackal zombies (Ossuary)
  10 kobolds
  12 kobold zombies (Ossuary)
  8 orc zombies (Ossuary)
  9 rats
  A rat zombie (Ossuary)
  A crawling corpse (Elf:1)
  5 fungi
  3 plants
1780 creatures vanquished.

Vanquished Creatures (collateral kills)
  An ogre (Orc:1)
1 creature vanquished.

Vanquished Creatures (others)
  A deep elf knight (Elf:2)
  A molten gargoyle (Lair:6)
  A rime drake (Gauntlet)
  A saltling (Desolation)
  A water elemental (Elf:1)
  A centaur (Depths:1)
  An orc priest (D:11)
  A quokka (D:3)
  A fire vortex (D:15)
  4 fungi
  2 plants (Lair:4)
15 creatures vanquished.

Grand Total: 1796 creatures vanquished

Notes
Turn   | Place    | Note
-------+----------+-------------------------------------------
     0 | D:1      | Duffy the Deep Dwarf Fighter began the quest for the Orb.
     0 | D:1      | Reached XP level 1. HP: 20/20 MP: 1/1
   155 | D:1      | Reached XP level 2. HP: 22/27 MP: 2/2
   619 | D:1      | Reached XP level 3. HP: 24/33 MP: 3/3
  1319 | D:2      | Found an opulent altar of Gozag.
  1709 | D:3      | Found a radiant altar of Vehumet.
  1869 | D:3      | Found a white marble altar of Elyvilon.
  1950 | D:3      | Reached XP level 4. HP: 25/42 MP: 4/4
  2185 | D:3      | Reached XP level 5. HP: 41/49 MP: 5/5
  2378 | D:4      | Found a shadowy altar of Dithmenos.
  2509 | D:4      | Noticed an ogre
  2705 | D:4      | Reached XP level 6. HP: 48/56 MP: 5/5
  2775 | D:4      | Found an iron altar of Okawaru.
  2946 | D:5      | Entered Level 5 of the Dungeon
  3039 | D:5      | Found a sand-covered staircase.
  3044 | Ossuary  | Entered an ossuary
  3106 | Ossuary  | Reached skill level 5 in Axes
  3270 | D:5      | Reached XP level 7. HP: 48/64 MP: 6/6
  3346 | D:5      | Reached skill level 5 in Armour
  3346 | D:5      | Reached skill level 5 in Shields
  3823 | D:5      | Reached XP level 8. HP: 37/73 MP: 7/7
  4144 | D:5      | Found a blossoming altar of Fedhas.
  4511 | D:6      | Noticed Eustachio
  4547 | D:6      | Killed Eustachio
  4561 | D:6      | Noticed Grinder
  4566 | D:6      | Paralysed by Grinder for 3 turns
  4571 | D:6      | Killed Grinder
  4571 | D:6      | Reached skill level 5 in Fighting
  4604 | D:6      | Noticed Duvessa
  4604 | D:6      | Noticed Dowan
  4616 | D:6      | Killed Dowan
  4617 | D:6      | Killed Duvessa
  4694 | D:6      | Found a staircase to the Ecumenical Temple.
  4703 | Temple   | Entered the Ecumenical Temple
  4942 | D:6      | Noticed Blork the orc
  4954 | D:6      | Killed Blork the orc
  5133 | D:6      | Gained mutation: You passively map the area around you.
                  | [Deep Dwarf growth]
  5133 | D:6      | Reached XP level 9. HP: 58/81 MP: 7/7
  5738 | D:7      | Killed an unseen horror
  5746 | D:7      | Got a crude ring mail
  5976 | D:7      | Found a bloodstained altar of Trog.
  6118 | D:7      | Found a white marble altar of Elyvilon.
  6118 | D:7      | Found a snail-covered altar of Cheibriados.
  6119 | D:7      | Found a burning altar of Makhleb.
  6127 | D:7      | Became a worshipper of Makhleb the Destroyer
  6178 | D:7      | Found a hide-covered altar of Uskayaw.
  6421 | D:7      | Found a glowing golden altar of the Shining One.
  6484 | D:7      | Found a sacrificial altar of Ru.
  6864 | D:8      | Found Guzo's Gadget Emporium.
  6978 | D:8      | Reached skill level 5 in Evocations
  6979 | D:8      | Found a staircase to the Lair.
  7030 | D:8      | Reached * piety under Makhleb
  7268 | D:8      | Reached XP level 10. HP: 71/91 MP: 11/11
  7293 | D:8      | Noticed a three-headed hydra
  7300 | D:8      | Killed a one-headed hydra
  7300 | D:8      | Reached skill level 10 in Axes
  7484 | D:8      | Found a hazy altar of Hepliaklqana.
  7936 | D:9      | Noticed a two-headed ogre
  7944 | D:9      | Killed a two-headed ogre
  8253 | D:9      | Reached ** piety under Makhleb
  8541 | D:10     | Entered Level 10 of the Dungeon
  8683 | D:10     | Reached XP level 11. HP: 99/99 MP: 11/11
  8738 | D:10     | Found a staircase to the Orcish Mines.
  8775 | D:10     | Reached *** piety under Makhleb
  9090 | D:10     | Found Aqit's Book Boutique.
  9451 | Orc:1    | Entered Level 1 of the Orcish Mines
  9452 | Orc:1    | Noticed an orc sorcerer
  9468 | Orc:1    | Killed an orc sorcerer
  9603 | Lair:1   | Entered Level 1 of the Lair of Beasts
  9745 | Lair:1   | Identified a scroll of acquirement
  9746 | Lair:1   | Got a crude broad axe
  9748 | Lair:1   | Identified the +10 broad axe of the Scorpion {vamp, *Slow
                  | rElec rC++ Int+3} (You acquired it on level 1 of the Lair
                  | of Beasts)
  9947 | Lair:1   | Found a runed gate.
  9947 | Lair:1   | Found a runed gate.
  9947 | Lair:1   | Found a runed gate.
  9952 | Lair:1   | Noticed Jujoamir's ghost (novice MiFi)
  9953 | Lair:1   | Noticed a death ooze
  9956 | Lair:1   | Got a smoking platinum ring
  9960 | Lair:1   | Identified the ring of Fueq {rC++ rN+ MR+ Str-2 Dex+3} (You
                  | found it on level 1 of the Lair of Beasts)
  9969 | Lair:1   | Found a viscous altar of Jiyva.
 10255 | Lair:1   | Reached **** piety under Makhleb
 10737 | Lair:2   | Noticed a queen ant
 10759 | Lair:2   | Killed a queen ant
 10769 | Lair:2   | Reached XP level 12. HP: 112/112 MP: 7/7
 10774 | Lair:2   | Reached skill level 10 in Shields
 10803 | Lair:2   | Reached skill level 10 in Armour
 10824 | Lair:2   | Reached ***** piety under Makhleb
 11020 | Lair:2   | Noticed an eight-headed hydra
 11028 | Lair:2   | Killed an eight-headed hydra
 11195 | Lair:2   | Found a hole to the Spider Nest.
 11933 | Lair:3   | You fall through a shaft!
 12019 | Lair:4   | Noticed a six-headed hydra
 12035 | Lair:4   | Found a staircase to the Swamp.
 12086 | Lair:4   | Killed a 12-headed hydra
 12138 | Lair:4   | Reached XP level 13. HP: 121/121 MP: 8/8
 12288 | Lair:4   | Reached skill level 15 in Axes
 12748 | Lair:5   | Found a viscous altar of Jiyva.
 12748 | Lair:5   | Found a staircase to the Slime Pits.
 13003 | Lair:5   | Found a hazy altar of Hepliaklqana.
 13548 | Lair:6   | Entered Level 6 of the Lair of Beasts
 13548 | Lair:6   | Found a white marble altar of Elyvilon.
 13633 | Lair:6   | Reached ****** piety under Makhleb
 13744 | Lair:6   | Gained mutation: You resist negative energy. (rN+) [Deep
                  | Dwarf growth]
 13744 | Lair:6   | Reached XP level 14. HP: 104/129 MP: 9/9
 14039 | Lair:6   | Found a large runed door.
 14039 | Lair:6   | Found a large runed door.
 14325 | Lair:6   | Reached skill level 10 in Fighting
 14897 | Orc:2    | Entered Level 2 of the Orcish Mines
 14956 | Orc:2    | Found Nukyvec's Antique Weapon Emporium.
 14985 | Orc:2    | Found Pyheugax's Antique Weapon Boutique.
 15051 | Orc:2    | Found a roughly hewn altar of Beogh.
 15073 | Orc:2    | Found Javev's Book Emporium.
 15073 | Orc:2    | Found Gadezoz's Antique Armour Boutique.
 15230 | Orc:2    | Noticed an orc warlord
 15254 | Orc:2    | Killed an orc warlord
 15284 | Orc:2    | Found a staircase to the Elven Halls.
 15730 | D:8      | Bought a wand of paralysis (9) for 165 gold pieces
 15730 | D:8      | Bought a wand of clouds (2) for 270 gold pieces
 15828 | D:11     | Found a frozen archway.
 15839 | D:11     | Reached skill level 1 in Invocations
 15855 | D:11     | Found a flagged portal.
 15864 | Bailey   | Entered a bailey
 16092 | IceCv    | Entered an ice cave
 16219 | IceCv    | Got a clouded golden ring
 16501 | IceCv    | Identified the ring of Roekigru {rPois MR+ AC+1} (You found
                  | it in an ice cave)
 16543 | D:11     | Reached skill level 5 in Invocations
 16558 | D:11     | Noticed Nergalle
 16580 | D:11     | Killed Nergalle
 16581 | D:11     | Found Aseni's Jewellery Shoppe.
 16587 | D:11     | Reached XP level 15. HP: 140/140 MP: 10/10
 16595 | D:11     | Bought a cursed amulet of inaccuracy for 22 gold pieces
 16595 | D:11     | Bought a cursed ring of teleportation for 49 gold pieces
 17118 | D:12     | Noticed Nessos
 17187 | D:12     | Killed Nessos
 17283 | D:12     | Found a runed gate.
 17283 | D:12     | Found a runed gate.
 17283 | D:12     | Found a runed gate.
 17285 | D:12     | Noticed Jaybu's ghost (journeyman MiFi)
 17317 | D:12     | Killed Jaybu's ghost
 17499 | D:13     | Found Cyazomo's Book Emporium.
 17546 | D:13     | Found a gate leading to a gauntlet.
 17550 | Gauntlet | Entered a Gauntlet
 17550 | Gauntlet | Found a transporter.
 17550 | Gauntlet | Found a transporter.
 17555 | Gauntlet | Found a transporter.
 17558 | Gauntlet | Found a transporter.
 17558 | Gauntlet | Found a transporter.
 17558 | Gauntlet | Found a transporter.
 17568 | Gauntlet | Found a transporter.
 17572 | Gauntlet | Found a transporter.
 17582 | Gauntlet | Found a transporter.
 17589 | Gauntlet | Found a transporter.
 17606 | Gauntlet | Found a transporter.
 17610 | Gauntlet | Found a transporter.
 17861 | Gauntlet | Reached skill level 10 in Evocations
 17996 | Gauntlet | Got a brightly glowing jade amulet
 18000 | Gauntlet | Identified the amulet "Geocir" {Faith MR+} (You found it in
                  | a Gauntlet)
 18019 | Gauntlet | Gained mutation: Armour fits poorly on your strangely
                  | shaped body. [a neqoxec]
 18026 | Gauntlet | Gained mutation: You tend to lose your temper in combat. [a
                  | neqoxec]
 18034 | Gauntlet | Got a coiled jade amulet
 18155 | Gauntlet | Identified the amulet "Inarual" {Spirit rPois rC- Int+3}
                  | (You found it in a Gauntlet)
 18564 | D:13     | Reached skill level 10 in Invocations
 18680 | D:13     | Found a gate to the Vaults.
 18727 | D:13     | Found a roughly hewn altar of Beogh.
 18939 | D:13     | Lost mutation: You tend to lose your temper in combat.
                  | [potion of mutation]
 18939 | D:13     | Lost mutation: Armour fits poorly on your strangely shaped
                  | body. [potion of mutation]
 18939 | D:13     | Gained mutation: You have large cloven feet. [potion of
                  | mutation]
 18939 | D:13     | Gained mutation: Your muscles are strong. (Str +2) [potion
                  | of mutation]
 18939 | D:13     | Gained mutation: You are agile. (Dex +2) [potion of
                  | mutation]
 19765 | D:15     | Entered Level 15 of the Dungeon
 20112 | D:15     | Reached XP level 16. HP: 150/151 MP: 12/12
 20459 | D:15     | Found a staircase to the Depths.
 20507 | Depths:1 | Entered Level 1 of the Depths
 20515 | Depths:1 | Noticed a lich
 20688 | Elf:1    | Entered Level 1 of the Elven Halls
 20770 | Elf:1    | Found Wittemu's Magic Scroll Shop.
 20794 | Elf:1    | Bought a scroll of teleportation for 51 gold pieces
 20794 | Elf:1    | Bought a scroll of holy word for 127 gold pieces
 20794 | Elf:1    | Bought a scroll of blinking for 127 gold pieces
 20794 | Elf:1    | Bought a scroll of fog for 34 gold pieces
 20794 | Elf:1    | Bought a scroll of magic mapping for 59 gold pieces
 20794 | Elf:1    | Bought a scroll of identify for 34 gold pieces
 20794 | Elf:1    | Bought a scroll of identify for 34 gold pieces
 20794 | Elf:1    | Bought a scroll of identify for 34 gold pieces
 20794 | Elf:1    | Bought a scroll of enchant armour for 127 gold pieces
 20794 | Elf:1    | Bought a scroll of identify for 34 gold pieces
 20852 | Elf:1    | Found a ruined gateway.
 20861 | Desolati | Entered the Desolation of Salt
 21083 | Desolati | Identified Rupygai's Incunabulum of Air
 21101 | Desolati | Identified the Tome of Fetching Air
 21143 | Desolati | Identified a +0 pair of boots of running (You found it in
                  | the Desolation of Salt)
 21329 | Desolati | Reached skill level 15 in Shields
 21339 | Desolati | Reached skill level 15 in Armour
 21404 | Desolati | Reached XP level 17. HP: 163/163 MP: 13/13
 21488 | Desolati | Identified Atasexkyd's Disquisition on Fiery Beguiling
 21536 | Desolati | Identified the Guide on Evil Magic and Cold
 22308 | Elf:1    | Noticed a Tzitzimitl
 22547 | Elf:1    | Noticed a Brimstone Fiend
 22554 | Elf:1    | Noticed a Tzitzimitl
 22625 | Elf:1    | Reached skill level 15 in Fighting
 23134 | Elf:2    | Found a runed gate.
 23136 | Elf:2    | Found a runed gate.
 23147 | Elf:2    | Found a runed gate.
 23413 | Elf:3    | Entered Level 3 of the Elven Halls
 23521 | Elf:3    | Gained mutation: You passively map a large area around you.
                  | [Deep Dwarf growth]
 23521 | Elf:3    | Reached XP level 18. HP: 178/178 MP: 16/16
 24548 | Elf:3    | Identified the +3 halberd of Battle {vamp, Int+6}
 24554 | Elf:3    | Identified the +0 leather armour of Sitot {rCorr Dex+3}
 24598 | Elf:3    | Identified the amulet of Agriack {Reflect rElec rF- MR+
                  | Str+6 SH+3} (You found it on level 3 of the Elven Halls)
 24659 | Elf:3    | Identified the Volume of Dislocated Execration
 24683 | Elf:3    | Identified the Catalogue of Doomed Translocation
 24697 | Elf:3    | Identified the cursed +1 plate armour of Defence {Str+3}
                  | (You found it on level 3 of the Elven Halls)
 24705 | Elf:3    | Identified the +1 chain mail of Omission {Regen+ Int+2}
                  | (You found it on level 3 of the Elven Halls)
 24728 | Elf:3    | Identified Gaucliar's Grimoire of Talismans and Lightness
 24746 | Elf:3    | Identified the Reference Book on the Toxic Snowflakes
 25175 | Spider:1 | Entered Level 1 of the Spider Nest
 25571 | Spider:1 | Reached skill level 15 in Invocations
 25594 | Spider:1 | Reached skill level 15 in Evocations
 25696 | Spider:1 | Identified the cursed +1 war axe of Popular Demand {chop,
                  | +Blink rF+++ rC- Dex+8} (You found it on level 1 of the
                  | Spider Nest)
 26332 | Spider:2 | Noticed Louise
 26340 | Spider:2 | Reached skill level 1 in Dodging
 26354 | Spider:2 | Killed Louise
 26592 | Spider:2 | Found the ring of the Octopus King
 26598 | Spider:2 | Identified a ring of the Octopus King {rC+ AC+1 EV+1 Str+1
                  | Int+1 Dex+1} (You found it on level 2 of the Spider Nest)
 27030 | Spider:3 | Reached XP level 19. HP: 186/186 MP: 19/19
 27656 | Spider:4 | Entered Level 4 of the Spider Nest
 27851 | Spider:4 | Noticed Arachne
 27872 | Spider:4 | Killed Arachne
 28022 | Spider:4 | Reached skill level 5 in Dodging
 28283 | Spider:4 | Got a gossamer rune of Zot
 28904 | Vaults:1 | Entered Level 1 of the Vaults
 28941 | Vaults:1 | Found a magical portal.
 28945 | Vaults:1 | Noticed Saint Roka
 28987 | Vaults:1 | Killed Saint Roka
 28995 | WizLab   | Entered Iskenderun's Mystic Tower
 29549 | Vaults:1 | Found a roughly hewn altar of Beogh.
 29606 | Vaults:1 | Reached XP level 20. HP: 196/196 MP: 20/20
 29718 | Vaults:1 | Found a runed door.
 29718 | Vaults:1 | Noticed Geloitur's ghost (veteran SpEE)
 29799 | Vaults:1 | Killed Geloitur's ghost
 30536 | Vaults:2 | Identified the +12 plate armour of the Swamp {+Fly} (You
                  | found it on level 2 of the Vaults)
 30972 | Vaults:3 | Found a staircase to the Crypt.
 31030 | Vaults:3 | Reached skill level 10 in Dodging
 31470 | Vaults:4 | Reached XP level 21. HP: 207/207 MP: 21/21
 31675 | Vaults:5 | Entered Level 5 of the Vaults
 32016 | Vaults:5 | Noticed an ancient lich
 32036 | Vaults:5 | Paralysed by a floating eye for 2 turns
 32061 | Vaults:5 | Killed from afar by an ancient lich

Vault maps used:
D:1:      kennysheep_arrival_forest
D:2:      grunt_gozag_breadcrumbs, dk_vineyard_3, roderic_serpentine_path
D:3:      overflow_temple_1_default, grunt_ministairs_4,
          chequers_serial_rivers_small_3, elyvilon_altar_4
D:4:      lemuel_round_altar, grunt_dithmenos_smoke_and_mirrors
D:5:      minmay_recursive_quarters, fedhas_bush_and_centaur_altar,
          first_ration, enter_ossuary_2
D:6:      minmay_temple_entry_junction, uniq_eustachio, uniq_duvessa,
          uniq_grinder, uniq_blork_the_orc
D:7:      nicolae_overflow_hidden_temple, marbit_many_paths,
          nicolae_ru_great_annihilating_truth, lemuel_coloured_pillars_altar,
          chequers_temple_overflow_statue_of_worship, grunt_ministairs_15
D:8:      erik_lair_orcish_takeover, serial_shops, shop, basic_altar,
          hangedman_ranch
D:10:     hiddenorc2_lemuel, serial_shops, shop, bh_circular_ruins
D:11:     serial_shops, nicolae_shop_stone, enter_bailey_1,
          portal_ice_cave_entry_ice_beasts, chequers_jeans, uniq_nergalle
D:12:     gammafunk_ghost_spectres, uniq_nessos
D:13:     erik_vaults_2, special_room, gauntlet_entry_generic, serial_shops,
          nicolae_shop_stone, water_maze_lemuel
D:15:     grunt_enter_depths_magical_seal, nicolae_lava_and_water
Temple:   dpeg_chambers_temple
Lair:1:   beast_lair_carwin_large_3, gammafunk_ghost_ooze
Lair:2:   dpeg_oklob_gauntlet, nicolae_spider_entry_tight_spaces, minivault_29
Lair:4:   minmay_swamp_entry_swarm, minmay_lair_oklob_chamber,
          grunt_megastairs_2
Lair:5:   slime_altar_1, basic_altar, minmay_lair_drake_nest,
          grunt_megastairs_3, lemuel_fruit_fields
Lair:6:   cheibrodos_lair_end_hotspot, basic_altar
Spider:2: uniq_louise
Spider:4: floodkiller_spider_rune_tomb, uniq_arachne
Orc:1:    uniq_josephine
Orc:2:    st_orc_town
Elf:1:    eino_elf_arrival_sip, portal_desolation_entry_nicolae_nacl,
          serial_shops, shop, orc_legates
Elf:2:    st_stairs_2
Elf:3:    elf_hall, st_stairs_4, spider_trap, grunt_ministairs_7
Vaults:1: gammafunk_vaults_ghost_grave, ontoclasm_vaults_claustrophobia,
          nicolae_vaults_circle_grid_a, vaults_dpeg_hooks, vaults_dpeg_spiral,
          hangedman_vaults_hat, special_room_vaults,
          infiniplex_enter_wizlab_water, uniq_saint_roka
Vaults:2: nicolae_vaults_sealed_display, vaults_dpeg_diagonal,
          vaults_mumra_chevron_long, nicolae_vaults_little_squares_1,
          st_hourglassy, nicolae_vaults_mini_display_case,
          vaults_dpeg_encased_lava, basic_altar
Vaults:3: hangedman_vaults_snaps, v_misc_18, v_misc_5, v_alt_pattern_1,
          v_pattern_1, vaults_mumra_hex, nicolae_vaults_little_squares_6,
          grunt_vaults_funnel, ontoclasm_vaults_gateway
Vaults:4: hangedman_vaults_maws, vaults_room_octagon, nicolae_vaults_triangles,
          vaults_room_fancy_cross, nicolae_vaults_stairing_the_circle,
          vaults_room_corners, kb_rosetta, nicolae_vaults_ninety_degrees,
          dpeg_vaults_monster_box, nicolae_vaults_circle_grid_a,
          nicolae_vaults_specimen_jars, serial_shops, shop, shop, shop,
          nicolae_shop_stone, uniq_mara
Vaults:5: serial_shops
Depths:1: grunt_mini_vestibule, minivault_10, grunt_decor_fettered,
          minmay_guarded_unrand_vampires_tooth, serial_bayou_shore_b,
          firewood_loft
Ossuary:  ossuary_tomb_1
Bailey:   bailey_polearm_gnolls_kennysheep, bailey
IceCv:    ice_cave_small_dragons
WizLab:   wizlab_iskenderun
Gauntlet: gammafunk_gauntlet_hard_choice

Skill      XL: |  1  2  3  4  5  6  7  8  9 10 11 12 13 14 15 16 17 18 19 20 21 |
---------------+----------------------------------------------------------------+-----
Axes           | 3 4 5 6 8 9 11 12 14 17 18 | 18.0
Fighting       | 3 4 5 6 7 8 9 10 11 13 15 16 17 | 17.4
Shields        | 4 5 6 7 8 9 11 12 13 15 16 17 18 | 18.2
Armour         | 4 5 6 7 8 9 11 12 13 15 16 17 18 | 18.3
Evocations     | 6 8 10 12 15 | 15.0
Invocations    | 5 10 12 15 | 15.0
Dodging        | 3 7 10 11 | 11.9

Action                   |  1- 3 |  4- 6 |  7- 9 | 10-12 | 13-15 | 16-18 | 19-21 || total
-------------------------+-------+-------+-------+-------+-------+-------+-------++-------
Melee: War axe           |   167 |   222 |   454 |       |       |       |       ||   843
       Hand axe          |       |       |       |   347 |       |       |       ||   347
       Broad axe         |       |       |       |   417 |  1232 |  1518 |  1620 ||  4787
 Abil: Heal Wounds       |     1 |     8 |    13 |    12 |     5 |     2 |     1 ||    42
Evoke: Wand              |       |       |     3 |    18 |     5 |     4 |     8 ||    38
       Lightning rod     |       |       |       |       |     3 |     7 |       ||    10
  Use: Scroll            |     1 |     7 |     4 |    11 |     9 |    13 |     8 ||    53
       Potion            |       |       |     1 |       |     2 |     1 |     3 ||     7
 Stab: Paralysed         |       |       |     1 |     7 |       |       |     2 ||    10
       Distracted        |       |       |       |       |       |     2 |       ||     2
       Held in net/web   |       |       |       |       |       |       |     1 ||     1
  Eat: Chunk             |     4 |     3 |     8 |    14 |    17 |    16 |     7 ||    69
       Ration            |       |       |     2 |     2 |     3 |     2 |     4 ||    13
Armor: Scale mail        |    77 |    58 |       |       |       |       |       ||   135
       Chain mail        |       |    70 |   179 |       |       |       |       ||   249
       Plate armour      |       |       |   171 |   351 |   640 |   354 |       ||  1516
       Crystal plate arm |       |       |       |       |       |   347 |   925 ||  1272
Dodge: Dodged            |    67 |    77 |    91 |   138 |   264 |   249 |   360 ||  1246
Block: Shield            |    79 |   150 |   260 |   429 |   790 |   721 |       ||  2429
       Large shield      |       |       |       |       |       |   220 |  1718 ||  1938

Table legend:
 A = Non-vault XP
 B = Vault XP
 C = Vault XP percentage of total XP
 D = Non-vault monster count
 E = Vault monster count
 F = Vault count percentage of total count
                 A         B        C        D         E       F
            +---------+---------+-------+---------+---------+-------
      Total |  356645 |  316707 |  47.0 |    1027 |     749 |  42.2
            +---------+---------+-------+---------+---------+-------
        D:1 |      43 |       0 |   0.0 |      26 |       0 |   0.0
        D:2 |      30 |       0 |   0.0 |      14 |       0 |   0.0
        D:3 |     134 |      14 |   9.5 |      27 |       1 |   3.6
        D:4 |     182 |       0 |   0.0 |      12 |       0 |   0.0
        D:5 |     726 |     358 |  33.0 |      25 |       7 |  21.9
        D:6 |     582 |     748 |  56.2 |      11 |       5 |  31.2
        D:7 |     105 |     759 |  87.8 |       6 |       6 |  50.0
        D:8 |     791 |    2794 |  77.9 |      16 |      17 |  51.5
        D:9 |    3250 |       0 |   0.0 |      27 |       0 |   0.0
       D:10 |     807 |     287 |  26.2 |      17 |      34 |  66.7
       D:11 |    3808 |    1839 |  32.6 |      26 |       9 |  25.7
       D:12 |    5019 |    3951 |  44.0 |      34 |       9 |  20.9
       D:13 |    7094 |    9084 |  56.2 |      42 |      32 |  43.2
       D:14 |    9018 |       0 |   0.0 |      40 |       0 |   0.0
       D:15 |   10744 |    7584 |  41.4 |      26 |      12 |  31.6
     Lair:1 |    4765 |     750 |  13.6 |      27 |       9 |  25.0
     Lair:2 |    5595 |    6474 |  53.6 |      23 |      45 |  66.2
     Lair:3 |    1239 |       0 |   0.0 |       6 |       0 |   0.0
     Lair:4 |    8209 |    3176 |  27.9 |      27 |      11 |  28.9
     Lair:5 |    8731 |    2781 |  24.2 |      25 |      10 |  28.6
     Lair:6 |   15714 |    6886 |  30.5 |      51 |      24 |  32.0
   Spider:1 |   11063 |       0 |   0.0 |      35 |       0 |   0.0
   Spider:2 |   16706 |    1525 |   8.4 |      45 |       1 |   2.2
   Spider:3 |   18490 |       0 |   0.0 |      49 |       0 |   0.0
   Spider:4 |   10339 |   40308 |  79.6 |      31 |      72 |  69.9
      Orc:1 |     813 |       0 |   0.0 |       3 |       0 |   0.0
      Orc:2 |    5974 |    7857 |  56.8 |      30 |      58 |  65.9
      Elf:1 |   31790 |   12982 |  29.0 |      48 |      32 |  40.0
      Elf:2 |   21936 |    4189 |  16.0 |      36 |       6 |  14.3
      Elf:3 |   15967 |   40923 |  71.9 |      30 |      32 |  51.6
   Vaults:1 |   52601 |   17250 |  24.7 |      89 |      46 |  34.1
   Vaults:2 |   25247 |    8899 |  26.1 |      41 |       9 |  18.0
   Vaults:3 |   29329 |   10587 |  26.5 |      39 |      16 |  29.1
   Vaults:4 |    6014 |   11449 |  65.6 |      10 |      12 |  54.5
   Vaults:5 |   20744 |   50632 |  70.9 |      28 |      40 |  58.8
   Depths:1 |    3046 |       0 |   0.0 |       5 |       0 |   0.0
    Ossuary |       0 |     149 | 100.0 |       0 |      39 | 100.0
     Bailey |       0 |    1220 | 100.0 |       0 |      30 | 100.0
      IceCv |       0 |    5410 | 100.0 |       0 |      20 | 100.0
 Desolation |       0 |   50379 | 100.0 |       0 |      93 | 100.0
   Gauntlet |       0 |    5463 | 100.0 |       0 |      12 | 100.0
            +---------+---------+-------+---------+---------+-------
